 Dungeon Crawl Stone Soup version 0.28-a0-233-gb8ca4b6547 (webtiles) character file.

Game seed: 13175262845830025721

777 dolemite99 the Cleaver (level 7, -5/61 HPs)
             Began as a Deep Dwarf Fighter on Aug 22, 2021.
             Slain by an ogre (22 damage)
             ... on level 5 of the Dungeon.
             The game lasted 00:08:20 (4401 turns).

dolemite99 the Cleaver (Deep Dwarf Fighter)         Turns: 4401, Time: 00:08:20

Health: -5/61      AC: 10    Str: 22    XL:     7   Next: 54%
Magic:  16/16 (7)  EV:  5    Int:  8    God:
Gold:   132        SH:  8    Dex: 12    Spells: 6/6 levels left

rFire   . . .      SeeInvis .   a - +1 war axe
rCold   . . .      Faith    .   c - +0 kite shield
rNeg    . . .      Spirit   .   n - +0 chain mail
rPois   .          Reflect  .   (no helmet)
rElec   .          Harm     .   (no cloak)
rCorr   .          Rampage  .   g - +0 pair of gloves
Will    +....                   (no boots)
Stlth   ..........              (no amulet)
HPRegen 0.00/turn               k - ring of magical power
MPRegen 0.15/turn               (no ring)

@: no status effects
A: damage resistance, heal wounds, sense surroundings 1, no regeneration
a: Heal Wounds


You were on level 5 of the Dungeon.
You visited 1 branch of the dungeon, and saw 5 of its levels.

You collected 132 gold pieces.

Inventory:

Hand Weapons
 a - a +1 war axe (weapon)
 t - a +0 short sword
Missiles
 d - 82 arrows
 f - 70 stones
 u - 3 boomerangs (quivered)
Armour
 b - a +0 scale mail
 c - a +0 kite shield (worn)
 g - a +0 pair of gloves (worn)
 n - a +0 chain mail (worn)
Jewellery
 k - a ring of magical power (left hand)
 p - a ring of wizardry
 s - a ring of magical power
Scrolls
 e - a scroll of acquirement {unknown}
 o - a scroll of teleportation
 q - a scroll of blinking
Potions
 i - 2 potions of haste
 m - 2 potions of curing {unknown}


   Skills:
 - Level 2.6 Fighting
 + Level 9.5 Axes
 - Level 3.2 Armour
 - Level 3.2 Shields


You had 6 spell levels left.
You didn't know any spells.
Your spell library contained the following spells:

 Spells                   Type           Power      Damage    Failure   Level
 Ignite Poison            Fire/Tmut/Pois 0%         N/A       100%        3
 Mephitic Cloud           Conj/Pois/Air  0%         N/A       100%        3
 Bolt of Magma            Conj/Fire/Erth 0%         4d4       100%        5


Dungeon Overview and Level Annotations

Branches:
Dungeon (5/15)
 Temple: D:4-7

Altars:
Ashenzari
Cheibriados
Elyvilon
Okawaru
Qazlal

Annotations:
D:1 exclusion: downstairs


Innate Abilities, Weirdness & Mutations

You are resistant to damage.
You can heal yourself by infusing magical energy.
You passively map a small area around you.
You do not regenerate.


Message History

The boomerang hits the ogre but does no damage.
The ogre is lightly wounded.
The ogre hits you with a +0 giant spiked club!!
* * * LOW HITPOINT WARNING * * *
You barely miss the ogre.
The ogre is lightly wounded.
You block the ogre's attack.
You feel much better.
The ogre hits you with a +0 giant spiked club!!
You hit the ogre.
The ogre is moderately wounded.
You block the ogre's attack.
You barely miss the ogre.
The ogre is moderately wounded.
You block the ogre's attack.
You hit the ogre.
The ogre is heavily wounded.
The ogre hits you with a +0 giant spiked club!
* * * LOW HITPOINT WARNING * * *
You feel much better. The ogre completely misses you.
You hit the ogre.
The ogre is heavily wounded.
You block the ogre's attack.
Your chain mail prevents you from hitting the ogre.
The ogre is heavily wounded.
You block the ogre's attack.
You slash the ogre!
The ogre is severely wounded.
You block the ogre's attack.
Your shield and chain mail prevent you from hitting the ogre.
The ogre is severely wounded.
The ogre hits you with a +0 giant spiked club!
You barely miss the ogre.
The ogre is severely wounded.
The ogre hits you with a +0 giant spiked club!
* * * LOW HITPOINT WARNING * * *
You hit the ogre.
The ogre is almost dead.
The ogre hits you with a +0 giant spiked club!!
You die...

*#.. .....## * #.. ,
....... * *
#.##.##..##..# ,
#.##.#<....... *
#.##.#........ ,
#.#........... , ,
....# #.#..#.#......
....# #O#..#........
, ...#
#@#..#........ #..#
#.#........... , ,
,#..###.#..####..###
, , #..#...#..#
,..... ,
#..#.####.#, ####
#....#....# ,,
#..###.#### *,* ,+
,#..###.# , ,
,#......# ,**


You could see an ogre.

Vanquished Creatures
  A centaur (D:4)
  6 killer bees (D:4)
  2 orc priests (D:2)
  A centaur skeleton (D:4)
  An iguana (D:4)
  2 orc wizards (D:4)
  A hound skeleton (D:4)
  4 gnolls (D:3)
  9 adders
  5 river rats (D:4)
  2 worms
  2 dart slugs
  5 orcs
  8 ball pythons
  7 bats
  11 endoplasms
  2 giant cockroaches (D:1)
  5 goblins
  2 hobgoblins
  8 jackals
  2 quokkas
  5 frilled lizards
  8 kobolds
  10 rats
109 creatures vanquished.

Vanquished Creatures (others)
  An orc wizard (D:4)
1 creature vanquished.

Grand Total: 110 creatures vanquished

Notes
Turn   | Place    | Note
-------+----------+-------------------------------------------
     0 | D:1      | dolemite99 the Deep Dwarf Fighter began the quest for the
                  | Orb.
     0 | D:1      | Reached XP level 1. HP: 20/20 MP: 1/1
   170 | D:1      | Reached skill level 3 in Axes
   170 | D:1      | Reached XP level 2. HP: 27/27 MP: 2/2
  1004 | D:1      | Reached XP level 3. HP: 31/33 MP: 3/3
  1087 | D:1      | Reached skill level 4 in Axes
  1308 | D:2      | Reached XP level 4. HP: 15/40 MP: 4/4
  1312 | D:2      | Reached skill level 5 in Axes
  1372 | D:2      | Found a faded altar of an unknown god.
  1881 | D:2      | Reached XP level 5. HP: 13/46 MP: 5/5
  2126 | D:3      | Reached skill level 6 in Axes
  2916 | D:4      | Reached skill level 7 in Axes
  2916 | D:4      | Reached XP level 6. HP: 39/55 MP: 6/6
  2978 | D:4      | Reached skill level 8 in Axes
  3176 | D:4      | Found an iron altar of Okawaru.
  3176 | D:4      | Found a stormy altar of Qazlal.
  3176 | D:4      | Found a white marble altar of Elyvilon.
  3176 | D:4      | Found a broken altar of Ashenzari.
  3192 | D:4      | Reached XP level 7. HP: 24/61 MP: 7/7
  3261 | D:4      | Found a snail-covered altar of Cheibriados.
  3665 | D:4      | Reached skill level 9 in Axes
  4350 | D:5      | Entered Level 5 of the Dungeon
  4401 | D:5      | Slain by an ogre

Illustrated notes

Levels and vault maps discovered:
D:1:      dpeg_arrival_houses_and_road, layout_basic, roderic_roman_lattice
D:2:      layout_basic, serial_aquarium, aquarium_bridge_square
          [aquarium_subvault_bridge, aquarium_subvault_bridge,
          aquarium_subvault_bridge, aquarium_subvault_bridge],
          aquarium_window_fake, aquarium_window_3, aquarium_view_2d,
          aquarium_view_2d, aquarium_balcony_5b,
          ebering_ecumenical_altar_sacrificial, st_stairs_3
D:3:      layout_basic, minmay_misc_feat_four_crosses
D:4:      layout_basic, cheibriados_altar_1,
          chequers_temple_overflow_statue_of_worship, lightli_sewer_entry_pipes,
          hex_tiny
D:5:      layout_basic, vehumet_crystals

Skill      XL: |  1  2  3  4  5  6  7 |
---------------+----------------------+-----
Axes           | 3 4 5 7 8 9 |  9.5
Fighting       | |  2.6
Armour         | |  3.2
Shields        | |  3.2

Action                   |  1- 3 |  4- 6 |  7- 9 || total
-------------------------+-------+-------+-------++-------
Melee: War axe           |    85 |   188 |   170 ||   443
Throw: Boomerang         |       |       |     3 ||     3
 Abil: Heal Wounds       |     1 |     7 |     6 ||    14
  Use: Potion            |     1 |     2 |       ||     3
       Scroll            |       |       |     8 ||     8
Armor: Scale mail        |    57 |    18 |       ||    75
       Chain mail        |       |    64 |    91 ||   155
       Skin              |       |    79 |       ||    79
Dodge: Dodged            |    34 |    40 |    36 ||   110
Block: Kite shield       |    43 |   135 |    63 ||   241

Table legend: (Time is in decaauts)
 A = Elapsed time spent in this place.
 B = Non-inter-level travel time spent in this place.
 C = Inter-level travel time spent in this place.
 D = Time resting spent in this place.
 E = Time spent auto-exploring this place.
 F = Levels seen in this place.
 G = Mean time per level.
                   A        B        C        D        E       F      G
               +--------+--------+--------+--------+--------+-----+--------+
         Total |   4597 |   4452 |    145 |    609 |   2503 |   5 |  919.4 |
       Dungeon |   4597 |   4452 |    145 |    609 |   2503 |   5 |  919.4 |
               +--------+--------+--------+--------+--------+-----+--------+

Top non-repeatable levels by time:
     D:4: 1561 daAuts
     D:1: 1314 daAuts
     D:3: 976 daAuts
     D:2: 689 daAuts
     D:5: 55 daAuts
